 Dungeon Crawl Stone Soup version 0.28-a0-503-g83f2989fac (webtiles) character file.

Game seed: 5066409100924224706

16032 siradein the Basher (level 12, -12/178 HPs)
             Began as a Troll Fighter on Sept 20, 2021.
             Was an Initiate of Gozag.
             Mangled by Snorg (14 damage)
             ... on level 11 of the Dungeon.
             The game lasted 00:58:47 (10818 turns).

siradein the Basher (Troll Fighter)                Turns: 10818, Time: 00:58:48

Health: -12/178    AC: 26    Str: 28    XL:     12   Next: 6%
Magic:  0/11       EV:  1    Int:  4    God:    Gozag
Gold:   715        SH: 12    Dex: 24    Spells: 11/11 levels left

rFire   . . .      SeeInvis .   a - +2 whip (elec)
rCold   . . .      Faith    .   c - +0 kite shield
rNeg    + + +      Spirit   +   (armour currently unavailable)
rPois   +          Reflect  .   (helmet currently unavailable)
rElec   .          Harm     .   (cloak currently unavailable)
rCorr   .          Rampage  .   (gloves unavailable)
Will    .....      NoTele   +   (boots unavailable)
Stlth   ++........              I - amulet of guardian spirit
HPRegen 1.39/turn               N - +6 ring of dexterity
MPRegen 0.12/turn               R - +6 ring of dexterity

@: mighty, tree-form
A: stationary, stasis, torment immunity, boosted hp, large, unfitting armour,
(claws 3), regeneration 1, (shaggy fur 1), (tough skin 1)
a: Renounce Religion, Potion Petition, Call Merchant, Bribe Branch


You were on level 11 of the Dungeon.
You worshipped Gozag.
Gozag was pleased with you.
You were a tree.
You visited 2 branches of the dungeon, and saw 12 of its levels.

You collected 2248 gold pieces.
You paid 1533 gold pieces to Gozag.

Inventory:

Hand Weapons
 a - a +2 whip of electrocution (weapon)
 S - a +1 vorpal flail
Missiles
 i - a throwing net
 m - 24 poisoned darts (quivered)
 U - a curare-tipped dart
Armour
 c - a +0 kite shield (worn)
 d - +2 storm dragon scales (melded)
 q - a +0 cloak (melded)
Jewellery
 l - a ring of protection from cold
 s - a +4 ring of protection
 w - a +4 ring of protection
 F - an amulet of magic regeneration
 I - an amulet of guardian spirit (around neck)
 K - a ring of flight
 N - a +6 ring of dexterity (left branch)
 R - a +6 ring of dexterity (right branch)
 V - a ring of fire
Wands
 o - a wand of flame (52)
 L - a wand of acid (9)
 T - a wand of iceblast (7)
Scrolls
 b - 2 scrolls of vulnerability
 f - 4 scrolls of fear
 j - 2 scrolls of identify
 k - 5 scrolls of teleportation {unknown}
 n - 3 scrolls of amnesia {unknown}
 r - 3 scrolls of noise {unknown}
 t - a scroll of magic mapping {unknown}
 v - a scroll of holy word {unknown}
 x - 2 scrolls of acquirement {unknown}
 y - a scroll of summoning {unknown}
 A - 2 scrolls of enchant weapon {unknown}
 D - 3 scrolls of blinking
 G - 2 scrolls of brand weapon {unknown}
 H - 2 scrolls of torment {unknown}
 J - a scroll of fog {unknown}
 M - a scroll of silence {unknown}
 O - a scroll of immolation {unknown}
Potions
 e - a potion of cancellation {unknown}
 g - 2 potions of flight
 h - a potion of mutation {unknown}
 p - 3 potions of brilliance {unknown}
 u - 3 potions of curing
 z - 2 potions of might
 B - a potion of lignification
 C - a potion of resistance {unknown}
 E - a potion of berserk rage {unknown}
 P - a potion of attraction {unknown}
Miscellaneous
 W - a lightning rod (4/4)


   Skills:
 + Level 7.9 Fighting
 + Level 8.4 Maces & Flails
 + Level 7.0 Armour
 + Level 7.9 Dodging
 + Level 7.9 Shields
 + Level 2.2 Evocations


You had 11 spell levels left.
You didn't know any spells.
Your spell library contained the following spells:

 Spells                   Type           Power      Damage    Failure   Level
 Ensorcelled Hibernation  Hex/Ice        0%         N/A       71%         2
 Slow                     Hex            0%         N/A       71%         2
 Confusing Touch          Hex            0%         N/A       91%         3
 Ignite Poison            Fire/Tmut/Pois 0%         N/A       91%         3
 Mephitic Cloud           Conj/Pois/Air  0%         N/A       91%         3
 Spider Form              Tmut/Pois      0%         N/A       91%         3
 Vampiric Draining        Necr           0%         2d6       91%         3
 Freezing Cloud           Conj/Ice/Air   0%         6-21      100%        5


Dungeon Overview and Level Annotations

Branches:
Dungeon (11/15)            Temple (1/1) D:6            Lair (0/6) D:9
    Orc (0/2) D:9

Altars:
Ashenzari
Cheibriados
Dithmenos
Elyvilon
Fedhas
Gozag
Hepliaklqana
Kikubaaqudgha
Makhleb
Nemelex Xobeh
Okawaru
Qazlal
Ru
Sif Muna
Trog
Uskayaw
Vehumet
Wu Jian
Xom
Yredelemnul
Zin
The Shining One

Shops:
D:7 *   D:10 [   D:11 :

Annotations:
D:6 2 transporters, RandomusNamus's ghost, novice DjFE
D:11 Snorg


Innate Abilities, Weirdness & Mutations

You are a tree.
Your roots penetrate the ground, keeping you stationary.
You cannot be teleported.
You are immune to unholy pain and torment.
Your maximum health is greatly increased.
Your equipment is partially melded.
You are too large for most types of armour.
((You have claws for hands.))
Your natural rate of healing is unusually fast.
((You are covered in fur. (AC +1)))
((You have tough skin. (AC +1)))


Message History

Press: ? - help, Dir - move target, p - Snorg
As you read the scroll of blinking, it crumbles to dust.
You feel very mighty all of a sudden.
You completely miss Snorg.
Snorg is moderately wounded.
You block Snorg's attack. x2; Snorg claws you but does no damage.
You whack Snorg!
Snorg is moderately wounded.
Snorg looks more healthy.
You block Snorg's attack. Snorg closely misses you. You block Snorg's attack.
You whack Snorg! Lightning courses through Snorg!
Snorg is heavily wounded.
Snorg bites you!
* * * LOW HITPOINT WARNING * * *
You block Snorg's attack. x2
You whack Snorg!
Snorg is heavily wounded.
Snorg closely misses you. Snorg claws you!
* * * LOW HITPOINT WARNING * * *
Snorg claws you!
* * * LOW HITPOINT WARNING * * *
You block Snorg's attack. Snorg claws you but does no damage.
Snorg barely misses you.
It was a potion of lignification.
You turn into a tree.
Your +0 cloak melds into your body.
Your +2 storm dragon scales melds into your body.
Your roots penetrate the ground.
Snorg bites you but does no damage. Snorg claws you!
* * * LOW HITPOINT WARNING * * *
You block Snorg's attack.
You whack Snorg!
Snorg is heavily wounded.
Snorg bites you!
* * * LOW HITPOINT WARNING * * *
Snorg barely misses you. Snorg claws you but does no damage.
Your shield prevents you from hitting Snorg.
Snorg is heavily wounded.
Snorg bites you!
You die...
Your body crumbles into a pile of gold.

.............................#
............#########..[.....#
...##########.......#........#
>..'................#........####
...#................#............
...#................#.........[..
...#................#....>.......
...##################.......§...(
................♣T............###
.............########.........#..
.............#......#.........#..
########.....#......#.........#..
# #.....#......#.........#.. #
#.....######'#.........#.. #
#..................#####.. #
#.......#######....#...).. #
#.......# #....#######


You could see Snorg (berserk).

Vanquished Creatures
  2 centaur warriors (D:8)
  4 two-headed ogres
  Pikel (D:9)
  A cyclops (D:11)
  A manticore (D:8)
  An ugly thing (D:8)
  A centaur zombie (D:11)
  The ghost of heikuro the Chopper, a novice MiBe of Trog (D:5)
  Maurice (D:10)
  An unseen horror (D:11)
  Maggie (D:8)
  A komodo dragon (D:8)
  2 trolls
  Grinder (D:4)
  Sigmund (D:2)
  A vampire (D:9)
  A shadow (D:9)
  3 wyverns
  2 steam dragons
  9 vampire mosquitoes
  A warg (D:9)
  2 water moccasins
  A black bear (D:8)
  2 ice beasts
  8 orc warriors
  A sky beast (D:7)
  5 ogres
  2 phantoms (D:4)
  7 centaurs
  A kobold brigand (D:8)
  A bullfrog (D:6)
  4 scorpions
  2 gnoll sergeants
  10 killer bees
  20 wights
  3 howler monkeys
  9 hounds
  2 jellies
  10 orc priests
  3 gnoll shamans (D:6)
  Crazy Yiuf (D:4)
  2 centaur skeletons (D:7)
  Terence (D:3)
  Natasha (D:3)
  4 iguanas
  9 orc wizards
  2 killer bee zombies (D:9)
  2 howler monkey zombies
  9 adders
  12 gnolls
  A howler monkey skeleton (D:6)
  2 shadow imps
  A white imp (D:6)
  2 ufetubi (D:4)
  An adder skeleton (D:4)
  2 worms
  2 dart slugs
  44 orcs
  7 endoplasms
  4 giant cockroaches
  4 goblins
  18 hobgoblins
  8 jackals
  11 kobolds
  2 quokkas
  5 ball pythons
  5 bats
  4 frilled lizards
  6 rats
302 creatures vanquished.

Vanquished Creatures (others)
  An orc wizard (D:11)
  2 orcs (D:6)
  11 fungi
  41 plants
55 creatures vanquished.

Grand Total: 357 creatures vanquished

Notes
Turn   | Place    | Note
-------+----------+-------------------------------------------
     0 | D:1      | siradein the Troll Fighter began the quest for the Orb.
     0 | D:1      | Reached XP level 1. HP: 22/22 MP: 0/0
   174 | D:1      | Reached skill level 2 in Maces & Flails
   174 | D:1      | Reached XP level 2. HP: 24/29 MP: 1/1
   534 | D:1      | Found a faded altar of an unknown god.
   914 | D:2      | Reached XP level 3. HP: 28/36 MP: 2/2
   994 | D:2      | Reached XP level 4. HP: 21/44 MP: 3/3
  1067 | D:2      | Noticed Sigmund
  1086 | D:2      | Killed Sigmund
  1087 | D:2      | Reached skill level 3 in Maces & Flails
  1087 | D:2      | Reached XP level 5. HP: 50/53 MP: 4/4
  1176 | D:2      | Found an ornate altar of the Wu Jian Council.
  1649 | D:3      | Reached XP level 6. HP: 61/61 MP: 5/5
  1754 | D:3      | Noticed Terence
  1768 | D:3      | Killed Terence
  1875 | D:3      | Noticed Natasha
  1879 | D:3      | Killed Natasha
  2277 | D:4      | Noticed Grinder
  2284 | D:4      | Killed Grinder
  2285 | D:4      | Reached skill level 1 in Armour
  2285 | D:4      | Reached XP level 7. HP: 45/68 MP: 6/6
  2496 | D:4      | Reached skill level 4 in Maces & Flails
  2782 | D:4      | Found a runed translucent door.
  2783 | D:4      | Noticed Crazy Yiuf
  2802 | D:5      | Entered Level 5 of the Dungeon
  2877 | D:4      | Killed Crazy Yiuf
  2919 | D:5      | Reached XP level 8. HP: 79/79 MP: 7/7
  3085 | D:5      | Found a broken altar of Ashenzari.
  3491 | D:5      | Found a transporter.
  3571 | D:5      | Identified the +8 dire flail "Taor" {distort, rPois Will-
                  | Str+7 Stlth-}
  3572 | D:5      | Noticed heikuro's ghost (novice MiBe)
  3575 | D:5      | Found a transporter.
  3706 | D:6      | Found a staircase to the Ecumenical Temple.
  3736 | Temple   | Entered the Ecumenical Temple
  3767 | Temple   | Became a worshipper of Gozag Ym Sagoz the Greedy
  4026 | D:6      | Reached skill level 5 in Maces & Flails
  4051 | D:6      | Reached skill level 5 in Fighting
  4051 | D:6      | Reached skill level 5 in Dodging
  4051 | D:6      | Reached skill level 5 in Shields
  4292 | D:6      | Reached XP level 9. HP: 88/88 MP: 8/8
  5015 | D:6      | Noticed a queen bee
  5076 | D:6      | Noticed RandomusNamus's ghost (novice DjFE)
  5155 | D:6      | Found a transporter.
  5159 | D:6      | Found a transporter.
  5399 | D:7      | Found Vinyj's CLEARANCE SALE!.
  5639 | D:7      | Reached skill level 6 in Maces & Flails
  6136 | D:8      | Reached XP level 10. HP: 94/97 MP: 9/9
  6369 | D:8      | Reached skill level 5 in Armour
  6390 | D:8      | Noticed a two-headed ogre
  6391 | D:8      | Noticed a manticore
  6553 | D:7      | Killed a two-headed ogre
  6667 | D:8      | Killed a manticore
  6925 | D:8      | Noticed a two-headed ogre
  7057 | D:8      | Killed a two-headed ogre
  7058 | D:8      | Reached skill level 7 in Maces & Flails
  7327 | D:8      | Identified the -2 buckler of the Solstice {-Tele Will+
                  | Str+2}
  7328 | D:8      | Identified the +9 trident of Panloceps {spect, rN+}
  7419 | D:8      | Noticed a centaur warrior
  7431 | D:8      | Killed a centaur warrior
  7499 | D:8      | Noticed a centaur warrior
  7501 | D:8      | Noticed a purple ugly thing
  7523 | D:8      | Killed a centaur warrior
  7524 | D:8      | Reached XP level 11. HP: 27/109 MP: 1/10
  7535 | D:8      | Killed a purple ugly thing
  7953 | D:5      | Killed heikuro's ghost
  8236 | D:9      | Found a staircase to the Lair.
  8255 | D:9      | Noticed a two-headed ogre
  8370 | D:9      | Noticed a two-headed ogre
  8422 | D:9      | Killed a two-headed ogre
  8654 | D:9      | Noticed Maggie
  8679 | D:8      | Killed Maggie
  8809 | D:9      | Killed a two-headed ogre
  8856 | D:9      | Found a staircase to the Orcish Mines.
  8978 | D:9      | Noticed Pikel
  8997 | D:9      | Killed Pikel
  8998 | D:9      | Reached skill level 8 in Maces & Flails
  8998 | D:9      | Reached skill level 1 in Evocations
  9181 | D:10     | Entered Level 10 of the Dungeon
  9272 | D:10     | Noticed Maurice
  9292 | D:10     | Paralysed by Maurice for 5 turns
  9580 | D:10     | Killed Maurice
 10455 | D:11     | Reached XP level 12. HP: 100/119 MP: 7/11
 10779 | D:11     | Noticed Snorg
 10817 | D:11     | HP: 1/178 [Snorg (12)]
 10818 | D:11     | Mangled by Snorg

Illustrated notes

Levels and vault maps discovered:
D:1:      sevenhm_arrival_forest_fort_large_2, layout_loops_cross,
          shapermc_ecumenical_altar_mp_urbaneastern
D:2:      layout_loops_cross, basic_altar, minivault_11, uniq_sigmund
D:3:      layout_loops_cross, uniq_terence, uniq_natasha
D:4:      layout_basic, eino_curves_01, uniq_grinder, uniq_crazy_yiuf_cottage
D:5:      layout_rooms, lemuel_tele_altar, gammafunk_ghost_smash,
          hangedman_decor_push, guppyfry_early_orc_mine
D:6:      kennysheep_housing_project, layout_loops_ring,
          minmay_temple_entry_slanted, gammafunk_ghost_hive
D:7:      layout_rooms, nicolae_shop_clearance
D:8:      minmay_the_grid_triangle_9x9_rhombus_full
          [minmay_the_grid_triangle_9x9_impossible_snake,
          minmay_the_grid_triangle_9x9_wacky_v,
          minmay_the_grid_triangle_9x9_from_above,
          minmay_the_grid_triangle_9x9_limited_checkers,
          minmay_the_grid_triangle_9x9_shrine,
          minmay_the_grid_triangle_9x9_empty,
          minmay_the_grid_triangle_9x9_corruption,
          minmay_the_grid_triangle_9x9_prize_schism], layout_gridville
D:9:      layout_long_grid, dpeg_oklobed_lair, david_orc_3, minivault_22,
          uniq_maggie, uniq_pikel
D:10:     layout_cave_pools, uniq_maurice
D:11:     layout_irregular_city, serial_shops, nicolae_square_shop,
          yredelemnul_forgotten_temple_becter, uniq_snorg
Temple:   nicolae_temple_the_god_donut

Skill      XL: |  1  2  3  4  5  6  7  8  9 10 11 12 |
---------------+-------------------------------------+-----
Maces & Flails | 2 3 4 5 6 7 8 |  8.4
Fighting       | 3 4 5 6 7 |  7.9
Dodging        | 3 4 5 6 7 |  7.9
Shields        | 3 4 5 6 7 |  7.9
Armour         | 1 2 3 4 5 6 7 |  7.0
Evocations     | 2 |  2.2

Action                   |  1- 3 |  4- 6 |  7- 9 | 10-12 || total
-------------------------+-------+-------+-------+-------++-------
Melee: Flail             |   138 |    69 |     5 |   364 ||   576
       Morningstar       |       |    94 |   639 |       ||   733
       Giant spiked club |       |       |    35 |       ||    35
       Mace              |       |       |     9 |       ||     9
       Whip              |       |       |       |   298 ||   298
Throw: Dart              |       |       |       |    21 ||    21
Invok: Call Merchant     |       |       |       |     2 ||     2
  Use: Potion            |       |     1 |       |     4 ||     5
       Scroll            |       |     3 |     2 |     6 ||    11
 Stab: Distracted        |       |       |     1 |     5 ||     6
Armor: Robe              |    61 |    35 |       |       ||    96
       Storm dragon scal |       |    94 |   604 |   338 ||  1036
       Skin              |       |       |       |     2 ||     2
Dodge: Dodged            |    70 |    61 |   261 |   230 ||   622
Block: Kite shield       |    64 |    88 |   382 |   392 ||   926

Table legend: (Time is in decaauts)
 A = Elapsed time spent in this place.
 B = Non-inter-level travel time spent in this place.
 C = Inter-level travel time spent in this place.
 D = Time resting spent in this place.
 E = Time spent auto-exploring this place.
 F = Levels seen in this place.
 G = Mean time per level.
                   A        B        C        D        E       F      G
               +--------+--------+--------+--------+--------+-----+--------+
         Total |  11219 |  10707 |    512 |    385 |   6034 |  12 |  934.9 |
       Dungeon |  10952 |  10440 |    512 |    385 |   5815 |  11 |  995.6 |
        Temple |    267 |    267 |      0 |      0 |    219 |   1 |  267.0 |
               +--------+--------+--------+--------+--------+-----+--------+

Top non-repeatable levels by time:
     D:8: 1713 daAuts
     D:6: 1512 daAuts
     D:9: 1082 daAuts
     D:4: 978 daAuts
    D:10: 951 daAuts
     D:5: 942 daAuts
     D:1: 898 daAuts
     D:7: 863 daAuts
     D:2: 801 daAuts
     D:3: 657 daAuts
    D:11: 550 daAuts
  Temple: 267 daAuts
